 Dungeon Crawl Stone Soup version 0.13-a0-2641-gc68e7bd (console) character file.

58 5ubbak the Vexing (level 1, -1/11 HPs)
             Began as an Octopode Enchanter on Aug 7, 2013.
             Slain by a hobgoblin (5 damage)
             ... on Level 1 of the Dungeon.
             The game lasted 00:01:18 (273 turns).

5ubbak the Vexing (Octopode Enchanter)               Turns: 273, Time: 00:01:18

HP  -1/11        AC  1     Str  7      XL: 1   Next: 80%
MP   1/3         EV 12     Int 17      God:
Gold 53          SH  0     Dex 12      Spells:  1 memorised,  1 level left

Res.Fire  : . . .   See Invis. : .   a - +1 dagger {=f}
Res.Cold  : . . .   Warding    : .   (no shield)
Life Prot.: . . .   Conserve   : .   (helmet restricted)
Res.Poison: .       Res.Corr.  : .   (no amulet)
Res.Elec. : .       Clarity    : .   (no ring)
Sust.Abil.: . .     Spirit.Shd : .   (no ring)
Res.Mut.  : .       Stasis     : .   (no ring)
Res.Rott. : .       Flight     : .   (no ring)
Saprovore : . . .                    (no ring)
                                     (no ring)
                                     (no ring)
                                     (no ring)

@: not resistant to hostile enchantments, quite stealthy
A: almost no armour, amphibious, 8 rings, constrict 8, camouflage 1, AC +1
a: no special abilities


You were on level 1 of the Dungeon.
You were not hungry.

You visited 1 branch of the dungeon, and saw 1 of its levels.

You collected 33 gold pieces.

Inventory:

Hand weapons
 a - a +1,+1 dagger (weapon) {=f}
Missiles
 d - 12 darts (quivered)
Comestibles
 b - a rotting chunk of giant newt flesh
 f - a bread ration
 g - a beef jerky
 h - a choko
 i - a chunk of rat flesh
 l - 2 chunks of hobgoblin flesh
Scrolls
 j - a scroll of remove curse {unknown}
Jewellery
 e - an uncursed ring of protection from magic {unknown}
 k - an uncursed ring of protection from cold {unknown}
Potions
 m - a potion of might {unknown}
 n - a potion of agility {unknown}
Books
 c - a book of Maledictions

   Spells                             Type                      Level
   *Corona                            Hexes                        1
   Sure Blade                         Hexes/Charms                 2
   Ensorcelled Hibernation            Hexes/Ice                    2
   Confuse                            Hexes                        3
   Enslavement                        Hexes                        4
   Invisibility                       Hexes                        6


   Skills:
 + Level 1.0 Short Blades
 - Level 1.0 Throwing
 * Level 2.0 Dodging
 + Level 2.8 Stealth
 + Level 1.0 Spellcasting
 * Level 3.3 Hexes


You had one spell level left.
You knew the following spells:

 Your Spells              Type           Power        Failure   Level  Hunger
a - Corona                Hex            ##.....      6%          1    ##.....


Dungeon Overview and Level Annotations

Branches:
Dungeon (1/27)

Altars:


Innate Abilities, Weirdness & Mutations

You cannot wear most types of armour.
You are amphibious.
You can wear up to eight rings at the same time.
You can use your tentacles to constrict many enemies at once.
Your skin changes colour to match your surroundings (Stlth).
Your rubbery body absorbs attacks (AC +1).


Message History

Casting: Corona
Confirm with . or Enter, or press ? or * to list all spells.
Aiming: Corona
Press: ? - help, Shift-Dir - straight line, f - hobgoblin
Aim: a hobgoblin The hobgoblin is outlined in light.
Casting: Corona
Confirm with . or Enter, or press ? or * to list all spells.
Aiming: Corona
Press: ? - help, Shift-Dir - straight line, f/p - hobgoblin
Aim: a hobgoblin (softly glowing)
The hobgoblin glows brighter.
You hit the hobgoblin. You grab the hobgoblin.
The hobgoblin is lightly wounded.
You constrict the hobgoblin, but do no damage.
The hobgoblin hits you.
You hit the hobgoblin.
The hobgoblin is heavily wounded.
You constrict the hobgoblin. The hobgoblin hits you.
You die...

..###.###.##.# #.# ..# #.#
#.##.#######.############ ..#
#.###.##.##%..##......(...>.(
#.###........#.....######.#######
........................#.#
..#######.####..........(.#
..#######.# ##...#####.###
..........# ##.## #.# .##########
#@# #.# .# #g# #.. .# #.# ### .#
#####.# .# #.g...# .#########
#.##### .........# #.# ########.#
#g# # #.#


You could see a hobgoblin.

Vanquished Creatures
  A bat (D:1)
  A hobgoblin (D:1)
  2 giant newts (D:1)
  A kobold (D:1)
  A rat (D:1)
6 creatures vanquished.

Notes
Turn   | Place    | Note
--------------------------------------------------------------
     0 | D:1      | 5ubbak, the Octopode Enchanter, began the quest for the Orb.
     0 | D:1      | Reached XP level 1. HP: 11/11 MP: 3/3
   273 | D:1      | Slain by a hobgoblin

Action                   || total
-------------------------++-------
Melee: Dagger            ||    16
 Cast: Corona            ||     2
 Stab: Sleeping          ||     2
